 Dungeon Crawl Stone Soup version 0.18.1-1-g2f07953 (webtiles) character file.

1530 Eucla the Spear-Bearer (level 8, 0/60 HPs)
             Began as a Merfolk Skald on May 8, 2016.
             Slain by an orc wizard
             ... wielding a +0 dagger
              (3 damage)
             ... on level 6 of the Dungeon.
             The game lasted 00:10:53 (5757 turns).

Eucla the Spear-Bearer (Merfolk Skald)              Turns: 5757, Time: 00:10:54

Health: 0/60       AC: 12    Str: 19    XL:     8   Next: 85%
Magic:  11/11      EV:  7    Int: 16    God:
Gold:   177        SH:  0    Dex: 14    Spells: 3 memorised, 5 levels left

rFire  . . .     SeeInvis .     u - +0 trident
rCold  . . .     Gourm    .     y - +1 chain mail "Xurch" {rPois MR+ Regen+ rCorr}
rNeg   . . .     Faith    .     (no shield)
rPois  +         Spirit   .     w - +0 helmet
rElec  .         Dismiss  .     p - +0 cloak
rCorr  +         Reflect  .     o - +0 pair of gloves (curse)
SustAt .         Harm     .     (no boots)
MR     +....                    (no amulet)
Stlth  ..........               (no ring)
                                (no ring)

@: mighty, brilliant, somewhat resistant to hostile enchantments, extremely
unstealthy
A: change form in water, swift swim
a: no special abilities


You were on level 6 of the Dungeon.
You were not hungry.

You visited 1 branch of the dungeon, and saw 6 of its levels.

You collected 177 gold pieces.

Inventory:

Hand Weapons
 a - a +0 spear
 u - a +0 trident (weapon)
Armour
 b - a +0 leather armour
 o - a cursed +0 pair of gloves (worn)
 p - a +0 cloak (worn)
 v - a +2 animal skin
 w - a +0 helmet (worn)
 y - the +1 chain mail "Xurch" (worn) {rPois MR+ Regen+ rCorr}
   (You found it on level 5 of the Dungeon)

   It protects you from poison.
   It affects your resistance to hostile enchantments.
   It increases your rate of regeneration.
   It protects you from acid and corrosion.
Jewellery
 i - an uncursed ring of poison resistance {unknown}
 k - an uncursed ring of wizardry {unknown}
Wands
 n - a wand of random effects (21/48)
Scrolls
 e - 4 scrolls of identify {unknown}
 f - 2 scrolls of recharging {unknown}
 g - a scroll of remove curse {unknown}
 h - a scroll of fog {unknown}
 l - a scroll of teleportation {unknown}
 q - a scroll of immolation {unknown}
 s - a scroll of magic mapping {unknown}
 t - a scroll of random uselessness {unknown}
Potions
 j - a potion of degeneration
 x - a potion of brilliance
Books
 c - a book of Battle

   Spells                             Type                      Level
   a - Infusion                       Charms                       1
   b - Shroud of Golubria             Charms/Translocation         2
   c - Song of Slaying                Charms                       2
   d - Spectral Weapon                Hexes/Charms                 3
   e - Regeneration                   Charms/Necromancy            3
Comestibles
 d - 3 bread rations
 m - a meat ration
 z - 2 fruits
 A - a slice of pizza


   Skills:
 - Level 3.8 Fighting
 * Level 11.6 Polearms
 - Level 0.6 Armour
 - Level 1.3 Dodging
 - Level 2.0 Spellcasting
 + Level 4.3 Hexes
 + Level 5.8 Charms


You had 5 spell levels left.
You knew the following spells:

 Your Spells              Type           Power        Failure   Level  Hunger
a - Infusion              Chrm           ####         3%          1    #......
b - Spectral Weapon       Hex/Chrm       ####....     21%         3    ###....
c - Shroud of Golubria    Chrm/Tloc      ###.......   30%         2    ###....


Dungeon Overview and Level Annotations

Branches:
Dungeon (6/15)
 Temple: D:4-7

Altars:
Gozag
Ru
Zin
The Shining One

Shops:
D:6 %

Annotations:
D:4 Edmund


Message History

Unknown command.
You puncture Prince Ribbit!
You kill Prince Ribbit!
Unknown command.
You hit the orc.
The orc is almost dead.
The orc completely misses you.
You puncture the orc!
You kill the orc!
Unknown command.
You are too injured to fight recklessly!
You closely miss something.
You hear some strange, mumbled words.
A magic dart appears from out of thin air!
The magic dart hits you!
* * * LOW HITPOINT WARNING * * *
You are too injured to fight recklessly!
You barely miss something. You closely miss something. Something hits you.
You die...

#.o.#.# #.+∩#... #...#.#
#.###... #.$o..#
#....†..
#.#o..###.......
#%.....$........
###o..###....... ###
#§..# #.......
#....######...###.....<.
#....@{o..............
#.#######..####.......
#### ########


You could see an orc.

Vanquished Creatures
  Grinder (D:4)
  Prince Ribbit (D:6)
  Sigmund (D:4)
  Eustachio (D:4)
  Duvessa (D:4)
  A phantom (D:4)
  An ogre (D:6)
  Dowan (D:4)
  A howler monkey (D:5)
  An orc priest (D:4)
  2 orc wizards (D:5)
  Crazy Yiuf (D:2)
  A centaur skeleton (D:5)
  Jessica (D:3)
  3 worker ants
  A hound skeleton (D:6)
  Robin (D:3)
  3 gnolls (D:3)
  A howler monkey skeleton (D:6)
  6 adders
  An ooze (D:5)
  An adder skeleton (D:4)
  A worm (D:2)
  2 dart slugs
  4 giant geckos
  5 orcs
  4 bats
  4 giant cockroaches
  23 goblins
  9 hobgoblins
  7 jackals
  3 quokkas (D:3)
  2 ball pythons
  A giant gecko skeleton (D:4)
  4 giant newts
  8 kobolds
  4 rats
113 creatures vanquished.

Notes
Turn   | Place    | Note
--------------------------------------------------------------
     0 | D:1      | Eucla the Merfolk Skald began the quest for the Orb.
     0 | D:1      | Reached XP level 1. HP: 16/16 MP: 3/3
   207 | D:1      | Reached XP level 2. HP: 19/23 MP: 5/5
   247 | D:1      | Reached skill level 4 in Polearms
   626 | D:1      | Reached XP level 3. HP: 28/28 MP: 6/6
   719 | D:1      | Found a glowing golden altar of the Shining One.
  1018 | D:2      | Found a sacrificial altar of Ru.
  1056 | D:2      | Reached skill level 5 in Polearms
  1479 | D:2      | Noticed Crazy Yiuf
  1489 | D:2      | Killed Crazy Yiuf
  1489 | D:2      | Reached XP level 4. HP: 20/35 MP: 1/7
  1783 | D:2      | Learned a level 3 spell: Spectral Weapon
  1786 | D:2      | Learned a level 2 spell: Shroud of Golubria
  1875 | D:2      | Reached skill level 6 in Polearms
  2405 | D:3      | Noticed Jessica
  2422 | D:3      | Killed Jessica
  2422 | D:3      | Reached XP level 5. HP: 34/41 MP: 3/8
  2746 | D:3      | Noticed Robin
  2777 | D:3      | Reached skill level 7 in Polearms
  2787 | D:3      | Killed Robin
  3062 | D:3      | Found a glowing silver altar of Zin.
  3161 | D:3      | Found an opulent altar of Gozag.
  3461 | D:4      | Reached XP level 6. HP: 25/48 MP: 9/9
  3833 | D:4      | Noticed Dowan
  3838 | D:4      | Noticed Duvessa
  3854 | D:4      | Noticed Edmund
  3861 | D:4      | Killed Duvessa
  3861 | D:4      | Reached skill level 8 in Polearms
  3861 | D:4      | Reached skill level 1 in Hexes
  3883 | D:4      | Killed Dowan
  4261 | D:4      | Noticed Eustachio
  4286 | D:4      | Killed Eustachio
  4286 | D:4      | Reached skill level 9 in Polearms
  4286 | D:4      | Reached XP level 7. HP: 40/53 MP: 2/10
  4426 | D:4      | Noticed Sigmund
  4449 | D:4      | Killed Sigmund
  4730 | D:4      | Noticed Grinder
  4757 | D:4      | Killed Grinder
  4757 | D:4      | Reached skill level 10 in Polearms
  4757 | D:4      | Reached skill level 5 in Charms
  4757 | D:4      | Reached XP level 8. HP: 55/60 MP: 11/11
  5038 | D:5      | Entered Level 5 of the Dungeon
  5049 | D:5      | Noticed Prince Ribbit
  5310 | D:5      | Got a spiked chain mail
  5321 | D:5      | Identified the +1 chain mail "Xurch" {rPois MR+ Regen+ rCorr} (You found it on level 5 of the Dungeon)
  5433 | D:5      | Reached skill level 11 in Polearms
  5463 | D:6      | Found Xotac's Food Shop.
  5752 | D:6      | Killed Prince Ribbit
  5755 | D:6      | HP: 2/60 [something/magic dart (9)]
  5757 | D:6      | Slain by an orc wizard

Skill      XL: |  1  2  3  4  5  6  7  8 |
---------------+-------------------------+-----
Polearms       | 4 5 6 7 9 10 11 | 11.6
Fighting       | 3 |  3.8
Hexes          | 2 3 4 |  4.3
Charms         | 4 5 |  5.8
Armour         | |  0.6
Dodging        | |  1.3
Spellcasting   | |  2.0

Action                   |  1- 3 |  4- 6 |  7- 9 || total
-------------------------+-------+-------+-------++-------
Melee: Spear             |   119 |    88 |       ||   207
       Trident           |       |   174 |   215 ||   389
 Cast: Infusion          |     4 |     6 |     2 ||    12
       Shroud of Golubri |       |     2 |     1 ||     3
       Spectral Weapon   |       |       |     1 ||     1
  Use: Potion            |       |     4 |     3 ||     7
 Stab: Sleeping          |       |     2 |     1 ||     3
  Eat: Chunk             |     1 |     3 |     1 ||     5
       Fruit             |       |     4 |       ||     4
       Meat ration       |       |     1 |     1 ||     2
Armor: Leather armour    |    18 |    27 |       ||    45
       Animal skin       |       |    27 |     8 ||    35
       Chain mail        |       |       |    59 ||    59
Dodge: Dodged            |    52 |   115 |    55 ||   222
